TOP OF THE 1ST |
Spokane Indians batting - Pitching for Staten Island Yankees : RHP Ruud Reintjens
|
Pitching: RHP Ruud Reintjens
|
|
Batting: RHB Joe Kemp
|
0-0: Called Strike 0-1: Swinging Strike 0-2: Ball 1-2: Strikes out swinging
|
Batting: RHB Dennis Daniels
|
0-0: Ball 1-0: Foul Ball, location: 2F 1-1: Foul Ball, location: 2F 1-2: Ball 2-2: Strikes out swinging
|
Batting: LHB William Hanley
|
0-0: Ball 1-0: SOLO HOME RUN (Flyball, 9LD, EV 95.6 MPH), Distance : 345 ft
|
Batting: RHB Salvador Caldera
|
0-0: Ball 1-0: Ball 2-0: Ball 3-0: Called Strike 3-1: Base on Balls
|
Batting: RHB Roberto Contreras
|
0-0: Ball Salvador Caldera is caught stealing 2nd base 2-4
|
Top of the 1st over - 1 run, 1 hit, 0 errors, 0 left on base; Spokane 1 - Staten Island 0 |
BOTTOM OF THE 1ST |
Staten Island Yankees batting - Pitching for Spokane Indians : RHP Ryan Graham
|
Pitching: RHP Ryan Graham
|
|
Batting: LHB Mario Hurtado
|
0-0: Ball 1-0: Called Strike 1-1: Called Strike 1-2: Foul Ball, location: 2F 1-2: Foul Ball, location: 2F 1-2: Strikes out swinging
|
Batting: RHB Phil Corliss
|
0-0: Ball 1-0: Ball 2-0: Called Strike 2-1: Ball 3-1: Foul Ball, location: 2F 3-2: Strikes out looking
|
Batting: LHB Roald Jacobs
|
0-0: Ball 1-0: Ground out U3 (Groundball, 3S, EV 91.9 MPH)
|
Bottom of the 1st over - 0 runs, 0 hits, 0 errors, 0 left on base; Spokane 1 - Staten Island 0 |
TOP OF THE 2ND |
Spokane Indians batting - Pitching for Staten Island Yankees : RHP Ruud Reintjens
|
Batting: RHB Roberto Contreras
|
0-0: Called Strike 0-1: Foul Ball, location: 2F 0-2: Hit by Pitch
|
Batting: SHB Tristan Dearing
|
0-0: Called Strike Roberto Contreras steals 2nd base Balk! Roberto Contreras to third 0-1: Ball 1-1: Ground out 4-3 (Groundball, 4M, EV 108.1 MPH) Roberto Contreras scores
|
Batting: RHB Antonio Pacheco
|
0-0: Called Strike 0-1: Ball 1-1: Called Strike 1-2: Ground out 5-3 (Groundball, 56, EV 80.6 MPH)
|
Batting: RHB Alex Vasquez
|
0-0: Ground out 5-3 (Groundball, 56S, EV 83.8 MPH)
|
Top of the 2nd over - 1 run, 0 hits, 0 errors, 0 left on base; Spokane 2 - Staten Island 0 |
BOTTOM OF THE 2ND |
Staten Island Yankees batting - Pitching for Spokane Indians : RHP Ryan Graham
|
Batting: RHB Andres Valles
|
0-0: Fly out, F8 (Flyball, 8LXD, EV 85.6 MPH)
|
Batting: LHB Ben Roth
|
0-0: Foul Ball, location: 2F 0-1: Swinging Strike 0-2: Ball 1-2: Strikes out swinging
|
Batting: RHB Lorenzo Vasquez
|
0-0: Called Strike 0-1: Ball 1-1: Ground out 3-1 (Groundball, 34, EV 108.8 MPH)
|
Bottom of the 2nd over - 0 runs, 0 hits, 0 errors, 0 left on base; Spokane 2 - Staten Island 0 |
TOP OF THE 3RD |
Spokane Indians batting - Pitching for Staten Island Yankees : RHP Ruud Reintjens
|
Batting: LHB Akira Yamano
|
0-0: Ball 1-0: Ball 2-0: Foul Ball, location: 2F 2-1: Foul Ball, location: 2F 2-2: Strikes out swinging
|
Batting: RHB Joe Kemp
|
0-0: Foul Ball, location: 2F 0-1: Ball 1-1: Ball 2-1: Ball 3-1: Fly out, F7 (Flyball, 7LS, EV 88.8 MPH)
|
Batting: RHB Dennis Daniels
|
0-0: Fly out, F7 (Line Drive, 7D, EV 96.9 MPH)
|
Top of the 3rd over - 0 runs, 0 hits, 0 errors, 0 left on base; Spokane 2 - Staten Island 0 |
BOTTOM OF THE 3RD |
Staten Island Yankees batting - Pitching for Spokane Indians : RHP Ryan Graham
|
Batting: RHB Chris Yancey
|
0-0: Called Strike 0-1: Ball 1-1: Ball 2-1: Foul Ball, location: 2F 2-2: SINGLE (Line Drive, 34, EV 98.1 MPH)
|
Batting: RHB Tony Saenz
|
0-0: Ball 1-0: Ball 2-0: Ground out 3-1 (Groundball, 34S, EV 73.1 MPH) Chris Yancey to second
|
Batting: SHB Victor Martinez
|
0-0: Called Strike 0-1: Swinging Strike 0-2: Strikes out swinging
|
Batting: LHB Mario Hurtado
|
0-0: Ball 1-0: Ball 2-0: Ball 3-0: Base on Balls
|
Batting: RHB Phil Corliss
|
0-0: Called Strike 0-1: Foul Ball, location: 2F 0-2: Ball 1-2: Strikes out looking
|
Bottom of the 3rd over - 0 runs, 1 hit, 0 errors, 2 left on base; Spokane 2 - Staten Island 0 |
TOP OF THE 4TH |
Spokane Indians batting - Pitching for Staten Island Yankees : RHP Ruud Reintjens
|
Batting: LHB William Hanley
|
0-0: Ball 1-0: Ball 2-0: Called Strike 2-1: Fly out, F7 (Flyball, 7LS, EV 85.6 MPH)
|
Batting: RHB Salvador Caldera
|
0-0: Ball 1-0: Ground out 4-3 (Groundball, 4, EV 82.5 MPH)
|
Batting: RHB Roberto Contreras
|
0-0: Ball 1-0: Called Strike 1-1: Ball 2-1: Foul Ball, location: 2F 2-2: Strikes out swinging
|
Top of the 4th over - 0 runs, 0 hits, 0 errors, 0 left on base; Spokane 2 - Staten Island 0 |
BOTTOM OF THE 4TH |
Staten Island Yankees batting - Pitching for Spokane Indians : RHP Ryan Graham
|
Batting: LHB Roald Jacobs
|
0-0: Swinging Strike 0-1: SINGLE (Line Drive, 4D, EV 95.6 MPH)
|
Batting: RHB Andres Valles
|
0-0: Called Strike 0-1: Ball 1-1: Ball 2-1: Called Strike 2-2: Foul Ball, location: 2F 2-2: Ball 3-2: Reached on error, E5 (Groundball, 56, EV 85.0 MPH) Roald Jacobs to second
|
Batting: LHB Ben Roth
|
0-0: Called Strike 0-1: Foul Ball, location: 2F 0-2: Ball 1-2: Ball 2-2: Foul Ball, location: 2F 2-2: SINGLE (Line Drive, 78M, EV 105.6 MPH) Roald Jacobs to third Andres Valles to second
|
Batting: RHB Lorenzo Vasquez
|
0-0: Ball 1-0: Ball 2-0: Foul Ball, location: 2F 2-1: Called Strike 2-2: Foul Ball, location: 2F 2-2: Ball 3-2: Strikes out swinging
|
Batting: RHB Chris Yancey
|
0-0: Foul Ball, location: 2F 0-1: Foul Ball, location: 2F 0-2: Ball 1-2: Ball 2-2: Strikes out swinging
|
Batting: RHB Tony Saenz
|
0-0: Ball 1-0: Fielders Choice at 2nd, 5-4 (Groundball, 5, EV 83.8 MPH)
|
Bottom of the 4th over - 0 runs, 2 hits, 1 error, 3 left on base; Spokane 2 - Staten Island 0 |
TOP OF THE 5TH |
Spokane Indians batting - Pitching for Staten Island Yankees : RHP Ruud Reintjens
|
Batting: SHB Tristan Dearing
|
0-0: Ball 1-0: Ball 2-0: Ball 3-0: Foul Ball, location: 2F 3-1: Base on Balls
|
Batting: RHB Antonio Pacheco
|
0-0: Ball 1-0: Ball 2-0: Foul Ball, location: 2F 2-1: Ball 3-1: Foul Ball, location: 2F 3-2: Base on Balls Tristan Dearing to second
|
Batting: RHB Alex Vasquez
|
0-0: Ball 1-0: Ball 2-0: Called Strike 2-1: Foul Ball, location: 2F 2-2: Foul Ball, location: 2F 2-2: SINGLE (Line Drive, 6M, EV 100.0 MPH) Tristan Dearing to third Antonio Pacheco to second
|
Batting: LHB Akira Yamano
|
0-0: Called Strike 0-1: Ball 1-1: Foul Ball, location: 2F 1-2: Ball 2-2: Foul Ball, location: 2F 2-2: Foul Ball, location: 2F 2-2: Fly out, F7 (Flyball, 7LD, EV 103.1 MPH) Runner from 3rd tags up, SCORES, throw by LF
|
Batting: RHB Joe Kemp
|
0-0: Ball 1-0: Ball 2-0: Fielders Choice at 2nd, 4-6 (Groundball, 4, EV 96.9 MPH) Antonio Pacheco to third
|
Batting: RHB Dennis Daniels
|
0-0: Called Strike Joe Kemp is caught stealing 2nd base 2-4
|
Top of the 5th over - 1 run, 1 hit, 0 errors, 1 left on base; Spokane 3 - Staten Island 0 |
BOTTOM OF THE 5TH |
Staten Island Yankees batting - Pitching for Spokane Indians : RHP Ryan Graham
|
Batting: SHB Victor Martinez
|
0-0: Ground out 4-3 (Groundball, 4S, EV 70.0 MPH)
|
Batting: LHB Mario Hurtado
|
0-0: Called Strike 0-1: Ball 1-1: Swinging Strike 1-2: Ball 2-2: Foul Ball, location: 2F 2-2: SINGLE (Groundball, 4MD, EV 98.1 MPH)
|
Batting: RHB Phil Corliss
|
0-0: Ball 1-0: Called Strike 1-1: Foul Ball, location: 2F 1-2: Ball 2-2: Strikes out swinging
|
Batting: LHB Roald Jacobs
|
0-0: Ball Mario Hurtado is caught stealing 2nd base 2-6
|
Bottom of the 5th over - 0 runs, 1 hit, 0 errors, 0 left on base; Spokane 3 - Staten Island 0 |
TOP OF THE 6TH |
Spokane Indians batting - Pitching for Staten Island Yankees : RHP Ruud Reintjens
|
Batting: RHB Dennis Daniels
|
0-0: Foul Ball, location: 2F 0-1: Ball 1-1: Ball 2-1: Fly out, F8 (Flyball, 8LXD, EV 102.5 MPH)
|
Batting: LHB William Hanley
|
0-0: Called Strike 0-1: DOUBLE (Line Drive, 78M, EV 101.9 MPH)
|
Batting: RHB Salvador Caldera
|
0-0: Ball 1-0: Ball 2-0: Ball 3-0: Called Strike 3-1: Base on Balls
|
Batting: RHB Roberto Contreras
|
0-0: Fly out, F3 (Flyball, 3D, EV 88.8 MPH)
|
Batting: SHB Tristan Dearing
|
0-0: Called Strike 0-1: Foul Ball, location: 2F 0-2: SINGLE (Groundball, 34D, EV 93.8 MPH) William Hanley to third Salvador Caldera to second Runner from 3rd tries for Home, SAFE, throw by RF to home
|
Batting: RHB Antonio Pacheco
|
0-0: Called Strike 0-1: Ground out U3 (Groundball, 34, EV 98.8 MPH)
|
Top of the 6th over - 1 run, 2 hits, 0 errors, 2 left on base; Spokane 4 - Staten Island 0 |
BOTTOM OF THE 6TH |
Staten Island Yankees batting - Pitching for Spokane Indians : RHP Ryan Graham
|
Batting: LHB Roald Jacobs
|
0-0: Ground out 5-3 (Groundball, 56S, EV 61.9 MPH)
|
Batting: RHB Andres Valles
|
0-0: Called Strike 0-1: Called Strike 0-2: Ball 1-2: Foul Ball, location: 2F 1-2: Ball 2-2: Foul Ball, location: 2F 2-2: Ball 3-2: Base on Balls
|
Pitching: RHP O.D. Claussen
|
|
Batting: LHB Ben Roth
|
0-0: Ball 1-0: Foul Ball, location: 2F 1-1: Foul Ball, location: 2F 1-2: Foul Ball, location: 2F 1-2: Strikes out swinging
|
Batting: RHB Lorenzo Vasquez
|
0-0: Ball 1-0: Called Strike 1-1: Fielders Choice at 2nd, 6-4 (Groundball, 6, EV 100.6 MPH)
|
Bottom of the 6th over - 0 runs, 0 hits, 0 errors, 1 left on base; Spokane 4 - Staten Island 0 |
TOP OF THE 7TH |
Spokane Indians batting - Pitching for Staten Island Yankees : RHP Ruud Reintjens
|
Pinch Hitting: LHB Willie Calderon
|
0-0: Called Strike 0-1: Foul Ball, location: 2F 0-2: Foul Ball, location: 2F 0-2: Strikes out swinging
|
Batting: LHB Akira Yamano
|
0-0: Swinging Strike 0-1: Ball 1-1: Foul Ball, location: 2F 1-2: Ground out 4-3 (Groundball, 34D, EV 98.1 MPH)
|
Batting: RHB Joe Kemp
|
0-0: Called Strike 0-1: Ball 1-1: Ball 2-1: Foul Ball, location: 2F 2-2: SINGLE (Groundball, 6MD, EV 105.6 MPH)
|
Pitching: RHP Wade Cardin
|
|
Batting: RHB Dennis Daniels
|
0-0: Called Strike Joe Kemp steals 2nd base 0-1: Ball 1-1: Called Strike 1-2: Ball 2-2: Ground out 5-3 (Groundball, 5L, EV 82.5 MPH)
|
Top of the 7th over - 0 runs, 1 hit, 0 errors, 1 left on base; Spokane 4 - Staten Island 0 |
BOTTOM OF THE 7TH |
Staten Island Yankees batting - Pitching for Spokane Indians : RHP O.D. Claussen
|
Now at 3B: Knud Prins
|
|
Batting: RHB Chris Yancey
|
0-0: Called Strike 0-1: Called Strike 0-2: Ball 1-2: Strikes out swinging
|
Pinch Hitting: LHB Sergio Corona
|
0-0: Called Strike 0-1: Called Strike 0-2: Ball 1-2: Strikes out swinging
|
Batting: SHB Victor Martinez
|
0-0: Called Strike 0-1: Ball 1-1: Ground out U3 (Groundball, 3S, EV 75.0 MPH)
|
Bottom of the 7th over - 0 runs, 0 hits, 0 errors, 0 left on base; Spokane 4 - Staten Island 0 |
TOP OF THE 8TH |
Spokane Indians batting - Pitching for Staten Island Yankees : RHP Wade Cardin
|
Now in RF: Sergio Corona
|
|
Batting: LHB William Hanley
|
0-0: Ball 1-0: Called Strike 1-1: SOLO HOME RUN (Flyball, 9D, EV 96.3 MPH), Distance : 367 ft
|
Batting: RHB Salvador Caldera
|
0-0: Called Strike 0-1: Called Strike 0-2: Ball 1-2: Ball 2-2: Ball 3-2: Base on Balls
|
Batting: RHB Roberto Contreras
|
0-0: Called Strike 0-1: Fielders Choice at 2nd, 5-4 (Groundball, 56S, EV 89.4 MPH)
|
Batting: SHB Tristan Dearing
|
0-0: Ball Roberto Contreras steals 2nd base 1-0: Called Strike 1-1: Ball 2-1: Foul Ball, location: 2F 2-2: Foul Ball, location: 2F 2-2: Ball 3-2: Foul Ball, location: 2F 3-2: Fly out, F8 (Line Drive, 8LD, EV 101.9 MPH)
|
Batting: RHB Antonio Pacheco
|
0-0: Called Strike 0-1: Ball 1-1: Ball 2-1: Foul Ball, location: 2F 2-2: Fly out, F7 (Flyball, 7, EV 84.4 MPH)
|
Top of the 8th over - 1 run, 1 hit, 0 errors, 1 left on base; Spokane 5 - Staten Island 0 |
BOTTOM OF THE 8TH |
Staten Island Yankees batting - Pitching for Spokane Indians : RHP O.D. Claussen
|
Now at 1B: Roger Renteria
|
|
Batting: LHB Mario Hurtado
|
0-0: Ball 1-0: Swinging Strike 1-1: Swinging Strike 1-2: Ball 2-2: Foul Ball, location: 2F 2-2: Strikes out swinging
|
Batting: RHB Phil Corliss
|
0-0: Ball 1-0: Foul Ball, location: 2F 1-1: Ball 2-1: Fly out, F8 (Flyball, 8RD, EV 91.3 MPH)
|
Batting: LHB Roald Jacobs
|
0-0: Foul Ball, location: 2F 0-1: Foul Ball, location: 2F 0-2: Strikes out swinging
|
Bottom of the 8th over - 0 runs, 0 hits, 0 errors, 0 left on base; Spokane 5 - Staten Island 0 |
TOP OF THE 9TH |
Spokane Indians batting - Pitching for Staten Island Yankees : RHP Wade Cardin
|
Pinch Hitting: LHB Mike Sloan
|
0-0: Called Strike 0-1: Ball 1-1: Fly out, F7 (Flyball, 78M, EV 78.8 MPH)
|
Batting: LHB Akira Yamano
|
0-0: Ball 1-0: Ground out 4-3 (Groundball, 4, EV 101.3 MPH)
|
Batting: RHB Joe Kemp
|
0-0: Ball 1-0: Called Strike 1-1: Ball 2-1: SINGLE (Flyball, 9LS, EV 93.1 MPH)
|
Pitching: RHP Nick Schweer
|
|
Batting: RHB Dennis Daniels
|
0-0: Called Strike Joe Kemp steals 2nd base (no throw) 0-1: Ball 1-1: Ball 2-1: DOUBLE (Flyball, 89XD, EV 108.1 MPH) Joe Kemp scores
|
Batting: LHB William Hanley
|
0-0: Foul Ball, location: 2F 0-1: Fly out, F7 (Flyball, 78M, EV 81.3 MPH)
|
Top of the 9th over - 1 run, 2 hits, 0 errors, 1 left on base; Spokane 6 - Staten Island 0 |
BOTTOM OF THE 9TH |
Staten Island Yankees batting - Pitching for Spokane Indians : RHP O.D. Claussen
|
Now at 3B: Lorenzo Rubio
|
|
Batting: RHB Andres Valles
|
0-0: Foul Ball, location: 2F 0-1: Swinging Strike 0-2: Foul Ball, location: 2F 0-2: Ground out 4-3 (Groundball, 4MD, EV 86.3 MPH)
|
Pitching: RHP Victor Benitez
|
|
Batting: LHB Ben Roth
|
0-0: Ball 1-0: Foul Ball, location: 2F 1-1: SINGLE (Line Drive, 89S, EV 100.0 MPH)
|
Batting: RHB Lorenzo Vasquez
|
0-0: Ball 1-0: Swinging Strike 1-1: Called Strike 1-2: Strikes out swinging
|
Batting: RHB Chris Yancey
|
0-0: Foul Ball, location: 2F 0-1: Ball 1-1: Ball 2-1: Swinging Strike 2-2: Strikes out swinging
|
Bottom of the 9th over - 0 runs, 1 hit, 0 errors, 1 left on base; Spokane 6 - Staten Island 0 |
|